 Dungeon Crawl Stone Soup version 0.31-a0-152-g6aa68a64a1 (webtiles) character file.

Game seed: 5637089207567883609

965 qw the Skirmisher (level 7, -4/63 HPs)
             Began as a Minotaur Hunter on June 10, 2023.
             Splashed by a jelly's acid (7 damage)
             ... on level 5 of the Dungeon.
             The game lasted 00:01:32 (3769 turns).

qw the Skirmisher (Minotaur Hunter)                 Turns: 3769, Time: 00:01:33

Health: -4/63      AC:  0    Str: 16    XL:     7   Next: 93%
Magic:  6/6        EV: 13    Int:  6    God:
Gold:   243        SH:  0    Dex: 15    Spells: 6/6 levels left

rFire   . . .        Y - +3 shortbow
rCold   + . .        (shield currently unavailable)
rNeg    + . .        k - +0 robe {Will+}
rPois   .            (helmet restricted)
rElec   .            (no cloak)
rCorr   .            (no gloves)
SInv    .            f - +0 pair of boots
Will    +....        c - amulet "Deasm" {-Cast rC+ rN+ Regen+}
Stlth   ++           (no ring)
HPRegen 1.10/turn    (no ring)
MPRegen 0.10/turn

%: no spellcasting
@: about to teleport, corroded
A: horns 2, retaliatory headbutt
a: no special abilities


You were on level 5 of the Dungeon.
You visited 1 branch of the dungeon, and saw 5 of its levels.

You collected 243 gold pieces.


Innate Abilities, Weirdness & Mutations

You have a pair of horns on your head.
You reflexively headbutt those who attack you in melee.


   Skills:
 - Level 6.0 Fighting
 + Level 9.3 Ranged Weapons
 - Level 1.3 Armour
 - Level 3.0 Dodging
 - Level 0.7 Stealth


You had 6 spell levels left.
You didn't know any spells.
Your spell library was empty.

Inventory:

Hand Weapons
 Y - a +3 shortbow (weapon)
Armour
 f - a +0 pair of boots (worn)
 g - a +0 ring mail
 k - a +0 robe of willpower (worn)
Jewellery
 c - the amulet "Deasm" (around neck) {-Cast rC+ rN+ Regen+}
   (You took it off a kobold on level 4 of the Dungeon)

   [amulet of regeneration]

   rC:        It protects you from cold.
   rN:        It protects you from negative energy.
   -Cast:     It prevents spellcasting.
   Regen:     It increases your rate of health regeneration.
Scrolls
 a - a scroll of identify
Potions
 b - 5 potions of curing
 e - a potion of might
 h - a potion of attraction {unknown}
 i - a potion of cancellation {unknown}
 j - a potion of magic {unknown}
 l - a potion of heal wounds {unknown}
 m - a potion of brilliance {unknown}
 n - a potion of lignification {unknown}

Dungeon Overview and Level Annotations

Branches:
Dungeon (5/15)
 Temple: D:4-7

Altars:
Zin


Message History

The jackal bites you.
You shoot an arrow. The arrow barely misses the jackal.
The jackal closely misses you.
You shoot an arrow. The arrow closely misses the jackal.
The jackal misses you. The jackal closely misses you.
You shoot an arrow. The arrow hits the jackal.
The jackal is heavily wounded.
The jackal misses you.
You shoot an arrow. The arrow hits the jackal.
You kill the jackal!
Something hits you. Something shocks you.
You shoot an arrow. The arrow hits the jelly.
The jelly is moderately wounded.
The jelly hits you. The acid corrodes you!
You are splashed with acid!
A sky beast appears from thin air!
Reactivating autopickup.
The sky beast closely misses you. You furiously retaliate!
You headbutt the sky beast! You shoot an arrow.
The arrow closely misses the sky beast.
You hear the slow rusting of a drain very nearby.
The jelly hits you.
You are splashed with acid.
The sky beast barely misses you.
You shoot an arrow. The arrow hits the sky beast.
The sky beast is heavily wounded.
The sky beast barely misses you. The jelly hits you.
You are splashed with acid!
You shoot an arrow. The arrow closely misses the sky beast.
The jelly misses you. You furiously retaliate!
You headbutt the jelly, but do no damage.
The sky beast hits you. The sky beast shocks you.
You shoot an arrow. The arrow hits the sky beast.
The sky beast is severely wounded.
The jelly hits you.
You are splashed with acid.
The sky beast barely misses you.
3768 ||| READING scroll of teleportation.
As you read the scroll of teleportation, it crumbles to dust.
You feel strangely unstable. The jelly completely misses you.
The sky beast hits you. The sky beast shocks you.
You shoot an arrow. The arrow hits the sky beast.
The sky beast is almost dead.
The jelly hits you.
You are splashed with acid!
You die...

.........##.#........
#....#....###.......
....##..## ##...##.
#..###.####...##
#..##..##.<...#
#................#
#.........#.......
##......#####...#.
#@.....<...# ..##
#..JY.........# ..#
......................
....##.............
... ... #.##........#.
.. .. ##........ # ...
...... ... #.(..


You could see a sky beast and a jelly.

Vanquished Creatures
  Grinder (D:3)
  Sigmund (D:2)
  A scorpion (D:5)
  An orc priest (D:3)
  3 hounds (D:4)
  Terence (D:3)
  Jessica (D:2)
  Natasha (D:3)
  5 iguanas (D:4)
  4 gnolls (D:3)
  9 adders
  3 worms (D:3)
  8 orcs
  10 ball pythons
  A bat (D:3)
  10 endoplasms
  4 giant cockroaches
  7 hobgoblins
  11 jackals
  2 quokkas
  3 frilled lizards (D:1)
  5 goblins
  9 kobolds
  6 rats
107 creatures vanquished.

Notes
Turn   | Place    | Note
-------+----------+-------------------------------------------
     0 | D:1      | qw the Minotaur Hunter began the quest for the Orb.
     0 | D:1      | Reached XP level 1. HP: 18/18 MP: 0/0
     0 | D:1      | 0 ||| qw: Version: 0.2-a-122-gbc61b45
     0 | D:1      | 0 ||| qw: Game counter: 3597
     0 | D:1      | 0 ||| qw: Always use a shield: true
     0 | D:1      | 0 ||| qw: God list: Okawaru
     0 | D:1      | 0 ||| qw: Allow faded altars: false
     0 | D:1      | 0 ||| qw: Do Orc after D:15 true
     0 | D:1      | 0 ||| qw: Do second Lair branch before Depths: true
     0 | D:1      | 0 ||| qw: Lair rune preference: random
     0 | D:1      | 0 ||| qw: Plans: Normal
     0 | D:1      | 0 ||| PLANNING D:1-11
   445 | D:1      | Reached XP level 2. HP: 25/25 MP: 1/1
   468 | D:1      | Reached skill level 5 in Ranged Weapons
   878 | D:1      | 878 ||| DROPPING ring of magical power.
   879 | D:1      | 879 ||| READING scroll labelled SITESO MEHIFERR.
   880 | D:1      | 880 ||| READING scroll labelled SACROM FI PAMO.
   881 | D:1      | 881 ||| READING scroll labelled QAOGGEAFOI.
   886 | D:1      | 886 ||| READING scroll labelled MEMATW ZIPHEKHLIULI.
   887 | D:1      | 887 ||| DROPPING scroll of butterflies.
   904 | D:2      | Reached skill level 3 in Fighting
   973 | D:2      | 973 ||| READING scroll of enchant weapon.
   973 | D:2      | 973 ||| ENCHANTING +1 shortbow.
   995 | D:2      | Noticed Sigmund
  1014 | D:2      | Killed Sigmund
  1015 | D:2      | Reached skill level 7 in Ranged Weapons
  1015 | D:2      | Reached XP level 3. HP: 17/31 MP: 2/2
  1015 | D:2      | Reached XP level 4. HP: 21/38 MP: 3/3
  1015 | D:2      | Reached XP level 5. HP: 25/45 MP: 4/4
  1191 | D:2      | Identified the +1 plate armour "Guxusux" {rF++ MP+9}
  1673 | D:2      | Noticed Jessica
  1677 | D:2      | Killed Jessica
  1721 | D:2      | 1721 ||| DROPPING +2 heavy sling.
  1739 | D:2      | Reached XP level 6. HP: 52/52 MP: 5/5
  1861 | D:2      | 1861 ||| READING scroll labelled ELA GAATE PAF.
  1862 | D:2      | 1862 ||| READING scroll labelled WUGIYW SE RICW.
  1863 | D:2      | 1863 ||| DRINKING 2 metallic sapphire potions.
  1864 | D:2      | 1864 ||| READING 2 scrolls of identify.
  1864 | D:2      | 1864 ||| IDENTIFYING white potion
  1865 | D:2      | 1865 ||| DROPPING potion of degeneration.
  2075 | D:3      | Noticed Terence
  2088 | D:3      | Killed Terence
  2227 | D:3      | Noticed Grinder
  2229 | D:3      | Paralysed by Grinder for 2 turns
  2232 | D:3      | Paralysed by Grinder for 2 turns
  2242 | D:3      | Killed Grinder
  2243 | D:3      | Reached skill level 8 in Ranged Weapons
  2243 | D:3      | Reached XP level 7. HP: 57/59 MP: 6/6
  2620 | D:3      | Noticed Natasha
  2621 | D:3      | 2621 ||| FLEEEEING.
  2622 | D:3      | 2622 ||| FLEEEEING.
  2623 | D:3      | 2623 ||| FLEEEEING.
  2624 | D:3      | 2624 ||| FLEEEEING.
  2626 | D:3      | 2626 ||| FLEEEEING.
  2627 | D:3      | 2627 ||| FLEEEEING.
  2628 | D:3      | 2628 ||| FLEEEEING.
  2629 | D:3      | 2629 ||| FLEEEEING.
  2630 | D:3      | 2630 ||| FLEEEEING.
  2631 | D:3      | 2631 ||| FLEEEEING.
  2632 | D:3      | 2632 ||| FLEEEEING.
  2633 | D:3      | 2633 ||| FLEEEEING.
  2634 | D:3      | 2634 ||| FLEEEEING.
  2635 | D:3      | 2635 ||| FLEEEEING.
  2636 | D:3      | 2636 ||| FLEEEEING.
  2637 | D:3      | 2637 ||| FLEEEEING.
  2638 | D:3      | 2638 ||| FLEEEEING.
  2639 | D:3      | 2639 ||| FLEEEEING.
  2640 | D:3      | 2640 ||| FLEEEEING.
  2641 | D:3      | 2641 ||| STAIRDANCE
  2702 | D:2      | 2702 ||| UPGRADING to +0 pair of boots.
  2707 | D:2      | 2707 ||| UPGRADING to +0 ring mail.
  2717 | D:2      | 2717 ||| DROPPING +0 leather armour.
  2718 | D:2      | 2718 ||| UPGRADING to +0 robe of willpower.
  2728 | D:2      | 2728 ||| READING scroll labelled UBBE MOCVE.
  2729 | D:2      | 2729 ||| READING 2 scrolls of identify.
  2729 | D:2      | 2729 ||| IDENTIFYING cyan potion
  2810 | D:3      | Killed Natasha
  2881 | D:4      | 2881 ||| READING scroll of enchant weapon.
  2881 | D:4      | 2881 ||| ENCHANTING +2 shortbow.
  2925 | D:4      | Reached skill level 3 in Dodging
  3056 | D:4      | Identified the amulet "Deasm" {-Cast rC+ rN+ Regen+}
  3126 | D:4      | Reached skill level 9 in Ranged Weapons
  3274 | D:4      | Reached skill level 1 in Armour
  3348 | D:4      | Reached skill level 6 in Fighting
  3455 | D:4      | Found a glowing silver altar of Zin.
  3688 | D:4      | 3688 ||| UPGRADING to amulet "Deasm" {-Cast rC+ rN+
                  | Regen+}.
  3693 | D:4      | 3693 ||| READING 2 scrolls of identify.
  3693 | D:4      | 3693 ||| IDENTIFYING fizzy purple potion
  3694 | D:4      | 3694 ||| DROPPING potion of enlightenment.
  3713 | D:5      | Entered Level 5 of the Dungeon
  3714 | D:5      | 3714 ||| PLANNING SEWER
  3767 | D:5      | HP: 13/63 [acid (4)]
  3768 | D:5      | 3768 ||| READING scroll of teleportation.
  3768 | D:5      | HP: 4/63 [sky beast (6)]
  3769 | D:5      | Splashed by a jelly's acid

Levels and vault maps discovered:
D:1:      onia_arrival_mini_spirals, layout_basic, feat_on_display
D:2:      layout_basic, uniq_jessica, uniq_sigmund
D:3:      layout_loops_cross, uniq_terence, uniq_grinder, uniq_natasha
D:4:      minmay_thinvault, layout_rooms, kennysheep_little_box
D:5:      layout_cave_pools, gup_sewer_entry_spiral, minmay_joined_circles

Skill      XL: |  1  2  3  4  5  6  7 |
---------------+----------------------+-----
Ranged Weapons | 7 8 9 |  9.3
Fighting       | 3 4 6 |  6.0
Dodging        | 3 |  3.0
Armour         | 1 |  1.3
Stealth        | |  0.7

Action                     |  1- 3 |  4- 6 |  7- 9 || total
---------------------------+-------+-------+-------++-------
   Fire: Shortbow          |    59 |   113 |   167 ||   339
    Use: Scroll            |     5 |     3 |     5 ||    13
         Potion            |       |     1 |       ||     1
 Armour: Leather armour    |     2 |    13 |     2 ||    17
         Robe              |       |       |     8 ||     8
  Dodge: Dodged            |     9 |    29 |    51 ||    89

Table legend:
 A = Non-vault XP
 B = Vault XP
 C = Vault XP percentage of total XP
 D = Non-vault monster count
 E = Vault monster count
 F = Vault count percentage of total count
                 A         B        C        D         E       F
            +---------+---------+-------+---------+---------+-------
      Total |     596 |     783 |  56.8 |      86 |      21 |  19.6
            +---------+---------+-------+---------+---------+-------
        D:1 |      25 |       0 |   0.0 |      17 |       0 |   0.0
        D:2 |      99 |     263 |  72.7 |      24 |       2 |   7.7
        D:3 |     142 |     360 |  71.7 |      21 |       3 |  12.5
        D:4 |     240 |     160 |  40.0 |      18 |      16 |  47.1
        D:5 |      90 |       0 |   0.0 |       6 |       0 |   0.0
            +---------+---------+-------+---------+---------+-------
